 Dungeon Sprint DCSS version 0.11.3 (webtiles) character file.

473 Groucho the Covert (level 5, -8/24 HPs)
             Began as a Spriggan Enchanter on Aug 20, 2022.
             Mangled by an elephant slug (32 damage)
             ... in the Dungeon (Sprint I: "Red Sonja").
             The game lasted 00:03:37 (717 turns).

Groucho the Covert (Spriggan Enchanter)              Turns: 717, Time: 00:03:37

HP  -8/24        AC  2     Str  5      XL: 5   Next: 79%
MP   4/13        EV 18     Int 16      God:
Gold 253         SH  0     Dex 17      Spells:  3 memorised,  0 levels left

Res.Fire  : . . .   See Invis. : +   a - +1 dagger {=f}
Res.Cold  : . . .   Warding    : .   b - +0 robe
Life Prot.: . . .   Conserve   : .   (shield restricted)
Res.Poison: .       Res.Corr.  : .   (helmet restricted)
Res.Elec. : .       Clarity    : .   (no cloak)
Sust.Abil.: . .     Spirit.Shd : .   (gloves unavailable)
Res.Mut.  : .       Stasis     : .   (boots unavailable)
Res.Rott. : .       Ctrl.Telep.: .   (no amulet)
Saprovore : . . .   Levitation : .   (no ring) Ctrl.Flight: .
                                     (no ring)

@: invisible, very slightly contaminated, very quick, somewhat resistant to
hostile enchantments, extremely stealthy
A: unfitting armour, see invisible, herbivore 3, speed 3, slow metabolism 2
a: no special abilities


You were in the Dungeon.
You were not hungry.

You visited 1 branch of the dungeon, and saw 1 of its levels.

You collected 324 gold pieces.
You spent 91 gold pieces at shops.

Inventory:

Hand weapons
 a - a +1,+1 dagger (weapon) {=f}
Missiles
 d - 12 darts (quivered)
Armour
 b - a +0 robe (worn)
Magical devices
 f - a wand of invisibility (2)
 j - a wand of digging (7)
Scrolls
 k - a scroll of blinking
Potions
 e - a potion of porridge
 g - 3 potions of heal wounds
 h - a potion of speed
 i - 2 potions of magic
Books
 c - a book of Maledictions

   Spells                             Type                      Level
   *Corona                            Hexes                        1
   Sure Blade                         Hexes/Charms                 2
   *Ensorcelled Hibernation           Hexes/Ice                    2
   *Confuse                           Hexes                        3
   Enslavement                        Hexes                        4
   Invisibility                       Hexes                        6


   Skills:
 - Level 1.1 Short Blades
 - Level 1.1 Throwing
 - Level 3.0 Dodging
 + Level 12.3 Stealth
 + Level 11.0 Stabbing
 - Level 1.3 Spellcasting
 - Level 3.6 Hexes


You couldn't memorise any spells.
You knew the following spells:

 Your Spells              Type           Power        Failure   Level  Hunger
a - Corona                Hex            ###.....     8%          1    ##.....
b - Ensorcelled Hibernat  Hex/Ice        ##.....      17%         2    ###....
c - Confuse               Hex            ###......    17%         3    ####...


Dungeon Overview and Level Annotations

Branches:
Dungeon (1/1)

Altars:
Cheibriados
Sif Muna
Vehumet
Zin

Shops:
D: /


Innate Abilities, Weirdness & Mutations

You are tiny and cannot use many weapons and most armour.
You have supernaturally acute eyesight.
You are a herbivore.
You cover ground extremely quickly.
You need consume almost no food.


Message History

Found a snail-covered altar of Cheibriados.
There is an entrance to Ocraotsa's Magical Wand Emporium here.
There is an entrance to Ocraotsa's Magical Wand Emporium here.
f - a wand of invisibility (3) Thank you for shopping at Ocraotsa's Magical Wand Emporium!
Evoke which item? (* to show all) (? for menu, Esc to quit)
Zapping:
f - a wand of invisibility (3)
Press: ? - help, Shift-Dir - straight line, f - you You fade into invisibility!
You are very lightly contaminated with residual magic.
This wand has 2 charges left.
Unknown command.
Unknown command.
There is an open door here.
You see here 12 arrows.
Things that are here:
a scythe; a robe; the human skeleton of Sigmund The elephant slug bites you!
Ouch! That really hurt!
You die...

################
#<<#.....#.)...#
#<....#.....#..+
#.@#####+#####.#
#j.####..#...#(#
#..#_.####..##.#
#..#.....##'#..+
#⌠⌠#_.∩...'..._#
####.....##_.#'#
#_._._###+#.#
####### #.# $+$


You could see an elephant slug.

Vanquished Creatures
  An ogre (D)
  Sigmund (D)
  2 jellies (D)
  Ijyb (D)
  A toadstool (D)
6 creatures vanquished.

Notes
Turn   | Place    | Note
--------------------------------------------------------------
     0 | D        | Groucho, the Spriggan Enchanter, began the quest for the Orb.
     0 | D        | Reached XP level 1. HP: 9/9 MP: 4/4
     2 | D        | Noticed Ijyb
    11 | D        | Killed Ijyb
    11 | D        | Reached skill level 6 in Stealth
    11 | D        | Reached skill level 5 in Stabbing
    11 | D        | Reached XP level 2. HP: 13/13 MP: 6/6
   140 | D        | Noticed an ogre
   142 | D        | Killed an ogre
   142 | D        | Reached skill level 10 in Stealth
   142 | D        | Reached XP level 3. HP: 16/16 MP: 9/9
   142 | D        | Reached XP level 4. HP: 21/21 MP: 11/11
   178 | D        | Noticed Sigmund
   180 | D        | Killed Sigmund
   180 | D        | Reached skill level 11 in Stealth
   180 | D        | Reached skill level 10 in Stabbing
   180 | D        | Reached XP level 5. HP: 24/24 MP: 13/13
   202 | D        | Found a snail-covered altar of Cheibriados.
   204 | D        | Found a radiant altar of Vehumet.
   229 | D        | Learned a level 2 spell: Ensorcelled Hibernation
   241 | D        | Reached skill level 12 in Stealth
   599 | D        | Found a deep blue altar of Sif Muna.
   599 | D        | Found a radiant altar of Vehumet.
   599 | D        | Found Ocraotsa's Magical Wand Emporium.
   599 | D        | Found a glowing silver altar of Zin.
   599 | D        | Found a radiant altar of Vehumet.
   599 | D        | Noticed an elephant slug
   660 | D        | Learned a level 3 spell: Confuse
   687 | D        | Found a snail-covered altar of Cheibriados.
   693 | D        | Bought a wand of invisibility (3) for 91 gold pieces
   717 | D        | Mangled by an elephant slug
